 Dungeon Crawl Stone Soup version 0.22-a0-362-g535178c (webtiles) character file.

40595 RoseArtemis the Severer (level 13, -6/122 HPs)
             Began as a Minotaur Fighter on Apr 20, 2018.
             Was an Elder of Trog.
             Splashed by an acid blob's acid (16 damage)
             ... on level 6 of the Lair of Beasts.
             The game lasted 00:41:55 (16342 turns).

RoseArtemis the Severer (Minotaur Fighter)         Turns: 16342, Time: 00:41:57

Health: -6/122     AC:  0    Str: 23    XL:     13   Next: 75%
Magic:  12/12      EV: 17    Int:  6    God:    Trog [****..]
Gold:   697        SH:  0    Dex: 12    Spells: 12/12 levels left

rFire    . . .     SeeInvis .   a - +8 battleaxe (freeze)
rCold    . . .     Gourm    .   (shield currently unavailable)
rNeg     . . .     Faith    .   H - +2 swamp dragon scales
rPois    +         Spirit   .   (helmet restricted)
rElec    .         Reflect  .   A - +0 cloak
rCorr    .         Harm     .   h - +2 pair of gloves
MR       ++...                  F - +1 pair of boots {run}
Stlth    +.........             (no amulet)
HPRegen  1.30/turn              (no ring)
MPRegen  0.13/turn              (no ring)

@: corroded, berserk cooldown, regenerating, slowed, very slow
A: retaliatory headbutt, horns 2
a: Berserk, Trog's Hand, Brothers in Arms, Renounce Religion


You were on level 6 of the Lair of Beasts.
You worshipped Trog.
Trog was greatly pleased with you.
You were hungry.

You visited 3 branches of the dungeon, and saw 18 of its levels.

You collected 1095 gold pieces.
You spent 398 gold pieces at shops.

Inventory:

Hand Weapons
 a - a +8 battleaxe of freezing (weapon)
Armour
 c - a +2 chain mail of cold resistance
 h - a +2 pair of gloves (worn)
 n - a +0 pair of boots of flying
 A - a +0 cloak (worn)
 F - a +1 pair of boots of running (worn)
 H - +2 swamp dragon scales (worn)
Jewellery
 o - an uncursed ring of ice
 J - an uncursed amulet of faith
 M - an uncursed ring of magical power
Wands
 k - a wand of iceblast (14)
 m - a wand of random effects (61)
 q - a wand of digging (7)
 r - a wand of polymorph (11)
 t - a wand of disintegration (34)
 u - a wand of paralysis (16)
 L - a wand of acid (9)
Scrolls
 b - 4 scrolls of remove curse
 s - a scroll of random uselessness {unknown}
 w - a scroll of blinking {unknown}
 y - 3 scrolls of teleportation
 z - a scroll of enchant armour
 C - a scroll of immolation {unknown}
 D - a scroll of fear {unknown}
 E - 2 scrolls of vulnerability
 K - 2 scrolls of fog {unknown}
Potions
 d - a potion of might
 e - a potion of cancellation {unknown}
 g - a potion of heal wounds
 i - 8 potions of curing
 j - 2 potions of agility {unknown}
 l - 3 potions of lignification
 p - 3 potions of ambrosia
 v - a potion of brilliance
 x - 2 potions of flight {unknown}
 B - 2 potions of degeneration {unknown}
 G - a potion of haste {unknown}
Comestibles
 f - 30 rations
 I - 7 chunks of flesh


   Skills:
 + Level 13.1 Fighting
 * Level 17.2 Axes
 + Level 13.1 Armour
 + Level 10.9 Dodging
   Level 5.8 Shields


You had 12 spell levels left.
You didn't know any spells.

Dungeon Overview and Level Annotations

Branches:
Dungeon (11/15)            Temple (1/1) D:6            Lair (6/6) D:10
  Swamp (0/4) Lair:4       Spider (0/4) Lair:2        Slime (0/5) Lair:6
    Orc (0/2) D:9

Altars:
Ashenzari
Cheibriados
Dithmenos
Elyvilon
Fedhas
Gozag
Hepliaklqana
Kikubaaqudgha
Makhleb
Nemelex Xobeh
Okawaru
Qazlal
Ru
Sif Muna
Trog
Uskayaw
Vehumet
Wu Jian
Xom
Yredelemnul
Zin
The Shining One
Jiyva

Shops:
D:4 (([[   D:7 :   D:8 [


Innate Abilities, Weirdness & Mutations

You reflexively headbutt those who attack you in melee.
You have a pair of horns on your head.


Message History

You headbutt the acid blob, but do no damage.
You fail to use your ability.
The acid blob spits acid at you. The splash of acid hits you!
* * * LOW HITPOINT WARNING * * *
You are splashed with acid!
The acid burns!
* * * LOW HITPOINT WARNING * * *
The acid blob misses you. You furiously retaliate!
You headbutt the acid blob, but do no damage.
You slash the acid blob! You freeze the acid blob.
Your hands burn!
* * * LOW HITPOINT WARNING * * *
The acid blob is lightly wounded.
The acid blob closely misses you.
Okay, then.
You feel much better. The acid blob spits acid at you.
The splash of acid hits you!
* * * LOW HITPOINT WARNING * * *
The acid corrodes you!
You are splashed with acid!
The acid burns!
You die...

......§§≈≈....................P..
......≈§≈#.......................
.....≈..#......................#.
.............P.....PPPP........#÷
...........##P..##P.PP...........
...........##....#.P.............
........#........#####...........
.................#.>.#...........
PP..#...##......@#...#...........
PP............##J#JJ.##..........
.P..............J##J###P..(.#....
.................J......P........
.....................P.P.........
...................#.#.#.........
...#.##.###(P.#.#...## ###..P.#..
###..#### ########### ########
####


You could see 2 acid blobs and a slime creature.

Vanquished Creatures
  2 acid blobs (Lair:6)
  5 hydras
  A merfolk avatar (Lair:6)
  3 two-headed ogres
  An unseen horror (D:10)
  3 sea snakes (Lair:6)
  An orb spider (Lair:2)
  A manticore (Lair:6)
  A black mamba (Lair:4)
  10 elephants
  Maurice (D:11)
  A gargoyle (D:10)
  14 spiny frogs
  A kobold demonologist (D:9)
  6 rime drakes
  4 komodo dragons
  A hornet (Lair:6)
  6 polar bears
  Grinder (D:4)
  6 blink frogs
  A wind drake (Lair:6)
  7 hippogriffs
  A spriggan (D:10)
  6 wyverns
  9 yaks
  A wraith (D:10)
  Eustachio (D:6)
  2 steam dragons (D:6)
  A human (shapeshifter) (D:10)
  A hungry ghost (D:9)
  9 water moccasins
  6 porcupines
  2 sky beasts
  3 orc warriors
  A black bear (D:4)
  4 ice beasts
  4 phantoms
  A necrophage (D:9)
  A centaur (D:6)
  5 ogres
  12 wolves
  15 crocodiles
  18 big kobolds (D:9)
  13 bullfrogs
  3 scorpions
  A water moccasin skeleton (D:9)
  11 killer bees (D:10)
  3 wights (D:4)
  4 electric eels
  2 howler monkeys
  4 crimson imps
  2 bullfrog zombies
  2 orc priests
  2 centaur zombies
  A jelly (D:9)
  A centaur skeleton (D:9)
  10 hounds
  A bullfrog skeleton (D:5)
  An iguana (Lair:4)
  Natasha (D:3)
  5 orc wizards
  2 worker ants
  3 hound zombies
  A hound skeleton (D:7)
  A howler monkey skeleton (D:10)
  2 worker ant zombies
  Robin (D:4)
  8 gnolls
  8 adders
  2 shadow imps
  An ooze (D:2)
  2 adder zombies
  An adder skeleton (D:7)
  4 worms
  2 dart slugs (D:1)
  2 leopard geckos (D:1)
  29 orcs
  4 bats
  15 hobgoblins
  8 jackals
  4 quokkas
  6 frilled lizards
  11 goblins
  15 kobolds
  A leopard gecko skeleton (D:5)
  2 quokka zombies (D:5)
  3 rats (D:1)
  A bush (Lair:3)
  6 fungi
  3 plants (Lair:6)
395 creatures vanquished.

Vanquished Creatures (others)
  5 fungi
  14 plants (Lair:6)
19 creatures vanquished.

Grand Total: 414 creatures vanquished

Notes
Turn   | Place    | Note
-------+----------+-------------------------------------------
     0 | D:1      | RoseArtemis the Minotaur Fighter began the quest for the Orb.
     0 | D:1      | Reached XP level 1. HP: 19/19 MP: 0/0
   192 | D:1      | Reached XP level 2. HP: 27/27 MP: 1/1
   264 | D:1      | Reached skill level 3 in Axes
   793 | D:1      | Reached XP level 3. HP: 30/33 MP: 2/2
  1415 | D:2      | Reached XP level 4. HP: 30/40 MP: 3/3
  1543 | D:2      | Reached skill level 4 in Axes
  1794 | D:2      | Found an opulent altar of Gozag.
  2063 | D:2      | Reached XP level 5. HP: 36/47 MP: 4/4
  2210 | D:3      | Found a glowing golden altar of the Shining One.
  2368 | D:3      | Noticed Natasha
  2376 | D:3      | Killed Natasha
  2843 | D:3      | Reached skill level 5 in Axes
  2871 | D:3      | Found a sparkling altar of Nemelex Xobeh.
  3138 | D:4      | Noticed a black bear
  3141 | D:4      | Found Nacaip's Antique Weapon Shoppe.
  3145 | D:4      | Killed a black bear
  3145 | D:4      | Reached XP level 6. HP: 54/55 MP: 5/5
  3192 | D:4      | Reached skill level 5 in Fighting
  3192 | D:4      | Reached skill level 5 in Shields
  3204 | D:4      | Found a shattered altar of Ashenzari.
  3352 | D:4      | Reached skill level 5 in Armour
  3447 | D:4      | Found Jaanoh's Antique Armour Shoppe.
  3452 | D:4      | Bought a pair of gloves for 76 gold pieces
  3530 | D:4      | Noticed Robin
  3545 | D:4      | Killed Robin
  3577 | D:4      | Found Inyef's Antique Weapon Boutique.
  3583 | D:4      | Reached skill level 6 in Axes
  3615 | D:4      | Noticed Grinder
  3621 | D:4      | Killed Grinder
  3621 | D:4      | Reached XP level 7. HP: 38/61 MP: 6/6
  3772 | D:4      | Reached skill level 7 in Axes
  4051 | D:4      | Found Buba's Armour Shop.
  4315 | D:5      | Entered Level 5 of the Dungeon
  4568 | D:5      | Reached XP level 8. HP: 70/70 MP: 7/7
  4640 | D:5      | Reached skill level 8 in Axes
  4645 | D:5      | Reached skill level 1 in Dodging
  5231 | D:6      | Noticed Eustachio
  5239 | D:6      | Killed Eustachio
  5295 | D:6      | Reached skill level 9 in Axes
  5604 | D:4      | Bought a runed chain mail for 127 gold pieces
  5860 | D:6      | Reached XP level 9. HP: 76/79 MP: 8/8
  5895 | D:6      | Found a staircase to the Ecumenical Temple.
  5904 | Temple   | Entered the Ecumenical Temple
  6109 | Temple   | Became a worshipper of Trog the Wrathful
  6159 | D:6      | Found a burning altar of Makhleb.
  6196 | D:6      | Found an ancient bone altar of Kikubaaqudgha.
  6482 | D:7      | Found Likhlaemno's Book Shoppe.
  6561 | D:7      | Found a stormy altar of Qazlal.
  6932 | D:7      | Reached skill level 10 in Axes
  7139 | D:7      | Found a deep blue altar of Sif Muna.
  7685 | D:8      | Found an ornate altar of the Wu Jian Council.
  7737 | D:8      | Found Jigok's Antique Armour Emporium.
  7758 | D:8      | Noticed a two-headed ogre
  7764 | D:8      | Killed a two-headed ogre
  7764 | D:8      | Reached skill level 11 in Axes
  7906 | D:8      | Reached skill level 5 in Dodging
  7919 | D:8      | Found an iron altar of Okawaru.
  7919 | D:8      | Found a basalt altar of Yredelemnul.
  8142 | D:9      | Reached XP level 10. HP: 90/90 MP: 9/9
  8144 | D:9      | Reached * piety under Trog
  8237 | D:9      | Reached skill level 12 in Axes
  8515 | D:9      | Found a hazy altar of Hepliaklqana.
  8576 | D:9      | Reached ** piety under Trog
  8696 | D:9      | Found a staircase to the Orcish Mines.
  8738 | D:9      | Noticed a two-headed ogre
  8745 | D:9      | Killed a two-headed ogre
  8983 | D:10     | Entered Level 10 of the Dungeon
  8996 | D:10     | Noticed a gargoyle
  9003 | D:10     | Killed a gargoyle
  9057 | D:10     | Reached XP level 11. HP: 99/99 MP: 10/10
  9147 | D:10     | Found a staircase to the Lair.
  9155 | D:10     | Reached skill level 10 in Armour
  9158 | D:10     | Reached skill level 13 in Axes
  9387 | D:8      | Bought a pair of embroidered boots for 195 gold pieces
  9466 | D:10     | Reached skill level 10 in Fighting
  9518 | D:10     | Found a shadowy altar of Dithmenos.
  9675 | D:10     | Killed an unseen horror
 10061 | D:11     | Noticed a two-headed ogre
 10068 | D:11     | Killed a two-headed ogre
 10070 | D:11     | Noticed Maurice
 10101 | D:11     | Killed Maurice
 10166 | Lair:1   | Entered Level 1 of the Lair of Beasts
 10401 | Lair:1   | Reached *** piety under Trog
 10405 | Lair:1   | Reached skill level 14 in Axes
 11472 | Lair:2   | Found a hole to the Spider Nest.
 11472 | Lair:2   | Noticed an orb spider
 11492 | Lair:2   | Killed an orb spider
 12287 | Lair:3   | Identified 2 scrolls of acquirement
 12359 | Lair:3   | Reached XP level 12. HP: 110/110 MP: 11/11
 13350 | Lair:4   | Reached skill level 15 in Axes
 13523 | Lair:4   | Noticed an eight-headed hydra
 13535 | Lair:4   | Killed a 14-headed hydra
 13567 | Lair:4   | You are sucked into a shaft for 2 floors!
 13567 | Lair:6   | Entered Level 6 of the Lair of Beasts
 13567 | Lair:6   | Noticed a six-headed hydra
 13782 | Lair:5   | Noticed a six-headed hydra
 13795 | Lair:5   | Killed a ten-headed hydra
 14036 | Lair:4   | Noticed a five-headed hydra
 14037 | Lair:4   | Found a staircase to the Swamp.
 14044 | Lair:4   | Killed an eight-headed hydra
 14897 | Lair:6   | Noticed a five-headed hydra
 14901 | Lair:6   | Killed a seven-headed hydra
 14962 | Lair:6   | Identified a +1 pair of boots of running (You acquired it on level 6 of the Lair of Beasts)
 15024 | Lair:6   | Killed an eight-headed hydra
 15024 | Lair:6   | Reached skill level 16 in Axes
 15092 | Lair:6   | Reached XP level 13. HP: 117/118 MP: 12/12
 15097 | Lair:6   | Reached **** piety under Trog
 15105 | Lair:6   | Reached skill level 10 in Dodging
 15694 | Lair:6   | Identified Tihamaos's Papyrus of Conjuration
 16318 | Lair:6   | Found a runed door.
 16318 | Lair:6   | Found a viscous altar of Jiyva.
 16318 | Lair:6   | Found a staircase to the Slime Pits.
 16318 | Lair:6   | Noticed an acid blob
 16318 | Lair:6   | Noticed an acid blob
 16318 | Lair:6   | Noticed an acid blob
 16318 | Lair:6   | Noticed an acid blob
 16326 | Lair:6   | Killed an acid blob
 16326 | Lair:6   | Reached skill level 17 in Axes
 16332 | Lair:6   | Killed an acid blob
 16341 | Lair:6   | HP: 2/122 [acid (5)]
 16342 | Lair:6   | Splashed by an acid blob's acid

Vault maps used:
D:1:      dpeg_arrival_shrine, minmay_misc_feat_hallway
D:2:      first_ration, hex_intersection,
          nicolae_gozag_cash_rules_everything_around_me
D:3:      nemelex_xobeh_ov_fountains_minmay, nicolae_tso_carved_into_rock,
          uniq_natasha
D:4:      kennysheep_mini, serial_shops, shop, shop, shop, nicolae_shop_crystal,
          uniq_grinder, uniq_robin
D:6:      kennysheep_steamy, nicolae_overflow_crystal_walls,
          kiku_gazebo_pond_becter, minmay_temple_entry_grid, uniq_eustachio
D:7:      lemuel_blue_sif_altar, serial_shops, nicolae_shop_waterfront,
          nicolae_qazlal_eye_of_the_storm
D:8:      kennysheep_little_box, gammafunk_temple_overflow_statue, serial_shops,
          shop_fountains
D:9:      kennysheep_mini_moat, orc_david_3
D:10:     lair_entry_dummy, the_bakery, nicolae_dithmenos_through_a_glass_darkly
D:11:     minmay_goldmine, hangedman_ru_absence, uniq_josephine, uniq_maurice
Temple:   nicolae_temple_figure_eight
Lair:1:   beast_lair_carwin_5
Lair:2:   nicolae_spider_entry_orb_guardian
Lair:3:   serial_bayou_lake_a
Lair:4:   minmay_swamp_entry_reptiles
Lair:6:   gammafunk_lair_ancient_temple, slime_altar_2, serial_bayou_shore_a

Skill      XL: |  1  2  3  4  5  6  7  8  9 10 11 12 13 |
---------------+----------------------------------------+-----
Axes           | 3 4 5 6 7 9 11 12 14 16 17 | 17.2
Fighting       | 4 5 6 7 8 9 11 12 13 | 13.1
Armour         | 4 5 6 7 8 9 11 12 13 | 13.1
Shields        | 4 5 |  5.8
Dodging        | 3 5 6 8 9 10 | 10.9

Action                   |  1- 3 |  4- 6 |  7- 9 | 10-12 | 13-15 || total
-------------------------+-------+-------+-------+-------+-------++-------
Melee: War axe           |    85 |   142 |    15 |       |       ||   242
       Headbutt          |    12 |    25 |    22 |    67 |    26 ||   152
       Battleaxe         |       |       |   149 |   413 |   146 ||   708
Invok: Berserk           |       |       |       |    18 |     5 ||    23
       Trog's Hand       |       |       |       |     8 |     2 ||    10
Evoke: Wand              |       |       |       |     7 |       ||     7
  Use: Potion            |       |     2 |     1 |     2 |     3 ||     8
       Scroll            |       |     1 |     9 |     6 |     4 ||    20
 Stab: Paralysed         |       |       |       |     6 |       ||     6
  Eat: Chunk             |     2 |     7 |    13 |    32 |     9 ||    63
       Ration            |       |       |       |     3 |       ||     3
Armor: Scale mail        |    32 |    52 |    39 |       |       ||   123
       Chain mail        |       |       |    44 |   159 |       ||   203
       Swamp dragon scal |       |       |       |    49 |    50 ||    99
Dodge: Dodged            |    33 |    32 |    65 |   227 |    95 ||   452
Block: Shield            |    32 |    56 |     8 |       |       ||    96

Table legend:
 A = Spawn XP
 B = Non-spawn XP
 C = Spawn XP percentage of total XP
 D = Spawn monster count
 E = Non-spawn monster count
 F = Spawn count percentage of total count
 G = Total turns spent on level
                    A         B        C        D         E        F      G
               +---------+---------+-------+---------+---------+-------+---------
         Total |       0 |   57993 |   0.0 |       0 |     385 |   0.0 | 16342
               +---------+---------+-------+---------+---------+-------+---------
           D:1 |       0 |      42 |   0.0 |       0 |      21 |   0.0 |  1045
           D:2 |       0 |     178 |   0.0 |       0 |      21 |   0.0 |  1089
           D:3 |       0 |     103 |   0.0 |       0 |      20 |   0.0 |   973
           D:4 |       0 |     893 |   0.0 |       0 |      25 |   0.0 |  1351
           D:5 |       0 |     564 |   0.0 |       0 |      21 |   0.0 |   830
           D:6 |       0 |    1083 |   0.0 |       0 |      17 |   0.0 |   942
           D:7 |       0 |    1071 |   0.0 |       0 |      27 |   0.0 |  1109
           D:8 |       0 |    1538 |   0.0 |       0 |       9 |   0.0 |   651
           D:9 |       0 |    4837 |   0.0 |       0 |      59 |   0.0 |   863
          D:10 |       0 |    4162 |   0.0 |       0 |      30 |   0.0 |  1038
          D:11 |       0 |    1367 |   0.0 |       0 |       2 |   0.0 |    56
        Lair:1 |       0 |    2785 |   0.0 |       0 |      11 |   0.0 |  1198
        Lair:2 |       0 |    2437 |   0.0 |       0 |      11 |   0.0 |   922
        Lair:3 |       0 |    4722 |   0.0 |       0 |      24 |   0.0 |   994
        Lair:4 |       0 |    4250 |   0.0 |       0 |      13 |   0.0 |   744
        Lair:5 |       0 |    5294 |   0.0 |       0 |      24 |   0.0 |   863
        Lair:6 |       0 |   22667 |   0.0 |       0 |      50 |   0.0 |  1455
               +---------+---------+-------+---------+---------+-------+---------
